 Dungeon Crawl Stone Soup version 0.27.1-3-gb3d3a73c9e (webtiles) character file.

Game seed: 10004818333607387870

1007 MisterFreud the Stinger (level 8, -2/58 HPs)
             Began as a Gnoll Venom Mage on Oct 28, 2021.
             Killed from afar by Pikel (22 damage)
             ... with a bolt of acid
             ... on level 5 of the Dungeon.
             The game lasted 00:08:57 (5869 turns).

MisterFreud the Stinger (Gnoll Venom Mage)          Turns: 5869, Time: 00:08:58

Health: -2/58      AC:  1    Str:  8    XL:     8   Next: 20%
Magic:  10/16      EV: 14    Int: 17    God:
Gold:   262        SH:  0    Dex: 12    Spells: 10/18 levels left

rFire    . . .     SeeInvis +   w - +2 dagger (pain)
rCold    . . .     Faith    .   (no shield)
rNeg     . . .     Spirit   .   a - +0 robe
rPois    .         Reflect  .   (no helmet)
rElec    .         Harm     .   (no cloak)
rCorr    .         Rampage  .   (no gloves)
Will     .....     Clarity  +   l - +0 pair of boots
Stlth    +++.......             (no amulet)
HPRegen  0.19/turn              i - ring of see invisible
MPRegen  0.15/turn              (no ring)

@: corroded
A: fangs 1, strong nose, distributed training, hooves 1, iridescent scales 1,
clarity
a: no special abilities


You were on level 5 of the Dungeon.
You visited 1 branch of the dungeon, and saw 5 of its levels.
You also visited: Sewer.

You collected 262 gold pieces.

Inventory:

Hand Weapons
 v - a +2 dire flail of holy wrath
 w - a +2 dagger of pain (weapon)
Missiles
 m - 4 boomerangs
 r - 9 poisoned darts
Armour
 a - a +0 robe (worn)
 l - a +0 pair of boots (worn)
Jewellery
 i - a ring of see invisible (left hand)
Wands
 d - a wand of paralysis (2)
 e - a wand of flame (18)
 o - a wand of acid (6)
Scrolls
 b - 2 scrolls of fog
 c - a scroll of amnesia {unknown}
 h - a scroll of summoning {unknown}
 n - a scroll of teleportation {unknown}
 s - a scroll of blinking {unknown}
Potions
 j - a potion of cancellation
 k - a potion of flight
 p - a potion of resistance {unknown}
 q - a potion of brilliance
 t - a potion of curing
 u - a potion of degeneration {unknown}
 x - a potion of berserk rage
Miscellaneous
 g - a phantom mirror


   Skills:
 + Level 3.0 Fighting
 + Level 3.0 Short Blades
 + Level 3.0 Long Blades
 + Level 3.0 Axes
 + Level 3.0 Maces & Flails
 + Level 3.0 Polearms
 + Level 3.0 Staves
 + Level 3.0 Slings
 + Level 3.0 Bows
 + Level 3.0 Crossbows
 + Level 3.0 Throwing
 + Level 3.0 Armour
 + Level 5.5 Dodging
 + Level 5.2 Stealth
 + Level 3.0 Shields
 + Level 3.0 Unarmed Combat
 + Level 5.9 Spellcasting
 + Level 2.4 Conjurations
 + Level 2.4 Hexes
 + Level 2.4 Summonings
 + Level 2.4 Necromancy
 + Level 2.4 Translocations
 + Level 3.3 Transmutations
 + Level 2.4 Fire Magic
 + Level 2.4 Ice Magic
 + Level 2.4 Air Magic
 + Level 2.4 Earth Magic
 + Level 6.0 Poison Magic
 + Level 3.3 Invocations
 + Level 3.0 Evocations


You had 10 spell levels left.
You knew the following spells:

 Your Spells              Type           Power      Damage    Failure   Level
a - Sting                 Tmut/Pois      84%        1d7       1%          1
b - Olgreb's Toxic Radia  Pois           25%        N/A       11%         4
c - Mephitic Cloud        Conj/Pois/Air  17%        N/A       9%          3

Your spell library contained the following spells:

 Spells                   Type           Power      Damage    Failure   Level
 Poisonous Vapours        Pois/Air       38%        N/A       3%          2


Dungeon Overview and Level Annotations

Branches:
Dungeon (5/15)              Sewer (visited)
 Temple: D:4-7

Altars:

Annotations:
D:5 Pikel


Innate Abilities, Weirdness & Mutations

You have very sharp teeth.
Your uncanny sense of smell can sniff out nearby items.
Your experience applies equally to all skills.
You have large cloven feet.
You are partially covered in iridescent scales. (AC +2)
You possess an exceptional clarity of mind.


Message History

Unknown command.
Casting: Olgreb's Toxic Radiance (dangerous; 11% risk of failure)
Confirm with . or Enter, or press ? or * to list all spells.
You begin to radiate toxic energy.
Pikel is poisoned.
The lemure is poisoned. x2
Pikel looks even sicker.
Casting: Olgreb's Toxic Radiance (dangerous; 11% risk of failure)
Confirm with . or Enter, or press ? or * to list all spells.
Aiming: Sting (safe; 1% risk of failure)
Press: ? - help, Shift-Dir - straight line, f - Pikel
Aim: Pikel, wielding a +0 whip of flaming, wearing a +2 robe of fire resistance and carrying a wand of acid (8) (lightly wounded, very poisoned, 70% to hit)
The sting hits Pikel but does no damage.
Pikel looks even sicker.
Pikel is lightly wounded.
Pikel looks as sick as possible!
Your toxic aura wanes.
Unknown command.
Casting: Sting (safe; 1% risk of failure)
Confirm with . or Enter, or press ? or * to list all spells.
Aiming: Sting (safe; 1% risk of failure)
Press: ? - help, Shift-Dir - straight line, f/p - Pikel
Aim: Pikel, wielding a +0 whip of flaming, wearing a +2 robe of fire resistance and carrying a wand of acid (8) (lightly wounded, extremely poisoned, 70% to hit)
The sting hits Pikel.
Pikel looks as sick as possible!
Pikel is moderately wounded.
Pikel zaps a wand.
The bolt of acid hits you! The acid corrodes you!
You are splashed with acid!
Unknown command.
Casting: Sting (safe; 1% risk of failure)
Confirm with . or Enter, or press ? or * to list all spells.
Aiming: Sting (safe; 1% risk of failure)
Press: ? - help, Shift-Dir - straight line, f/p - Pikel
Aim: Pikel, wielding a +0 whip of flaming, wearing a +2 robe of fire resistance and carrying a wand of acid (7) (moderately wounded, extremely poisoned, 70% to hit)
The sting hits Pikel but does no damage.
Pikel looks as sick as possible!
Pikel is moderately wounded.
Pikel says, "It's all about the gold, really."
Pikel hits you with a +0 whip of flaming!
Pikel burns you.
Unknown command.
Pikel zaps a wand.
The bolt of acid hits you!!
You die...

#########
.........##
#.........####
####.........#
#..###.##.#
#.. #.##.# #..
#.##.# ##..
#.##.#
#...###....#
#.@.####.#
#...#.# #.#
###.#K# #.#
#.#.# #.#
#.#5####.#
#..5.....#
......#.####.#
#######5# #.#
..####>5...#
#.#


You could see Pikel (extremely poisoned) and 3 lemures.

Vanquished Creatures
  Sigmund (D:3)
  Edmund (D:4)
  A water moccasin (Sewer)
  Duvessa (D:4)
  A sky beast (D:3)
  An ice beast (D:4)
  A necrophage (D:3)
  Dowan (D:4)
  A howler monkey (D:4)
  Ijyb (D:4)
  A hound skeleton (D:5)
  6 adders
  2 adder skeletons (D:4)
  10 endoplasms
  A giant cockroach (D:4)
  7 goblins
  7 hobgoblins
  3 jackals (D:4)
  6 kobolds
  2 quokkas
  4 ball pythons
  9 bats
  3 frilled lizards
  11 rats
82 creatures vanquished.

Notes
Turn   | Place    | Note
-------+----------+-------------------------------------------
     0 | D:1      | MisterFreud the Gnoll Venom Mage began the quest for the
                  | Orb.
     0 | D:1      | Reached XP level 1. HP: 13/13 MP: 6/6
   222 | D:1      | Reached XP level 2. HP: 19/19 MP: 5/7
  1459 | D:2      | Reached XP level 3. HP: 25/25 MP: 9/9
  1474 | D:2      | Reached skill level 5 in Spellcasting
  1776 | D:2      | Reached skill level 1 in Invocations
  1878 | D:2      | Reached skill level 1 in Fighting
  1878 | D:2      | Reached skill level 1 in Short Blades
  1878 | D:2      | Reached skill level 1 in Long Blades
  1878 | D:2      | Reached skill level 1 in Axes
  1878 | D:2      | Reached skill level 1 in Maces & Flails
  1878 | D:2      | Reached skill level 1 in Polearms
  1878 | D:2      | Reached skill level 1 in Staves
  1878 | D:2      | Reached skill level 1 in Slings
  1878 | D:2      | Reached skill level 1 in Bows
  1878 | D:2      | Reached skill level 1 in Crossbows
  1878 | D:2      | Reached skill level 1 in Throwing
  1878 | D:2      | Reached skill level 1 in Armour
  1878 | D:2      | Reached skill level 1 in Shields
  1878 | D:2      | Reached skill level 1 in Unarmed Combat
  1878 | D:2      | Reached skill level 1 in Evocations
  2573 | D:3      | Reached XP level 4. HP: 32/32 MP: 8/11
  2648 | D:3      | Noticed Sigmund
  2665 | D:3      | Killed Sigmund
  2666 | D:3      | Reached skill level 1 in Conjurations
  2666 | D:3      | Reached skill level 1 in Hexes
  2666 | D:3      | Reached skill level 1 in Summonings
  2666 | D:3      | Reached skill level 1 in Necromancy
  2666 | D:3      | Reached skill level 1 in Translocations
  2666 | D:3      | Reached skill level 1 in Fire Magic
  2666 | D:3      | Reached skill level 1 in Ice Magic
  2666 | D:3      | Reached skill level 1 in Air Magic
  2666 | D:3      | Reached skill level 1 in Earth Magic
  2666 | D:3      | Reached XP level 5. HP: 24/38 MP: 5/12
  2932 | D:3      | Reached XP level 6. HP: 43/44 MP: 7/13
  3046 | D:3      | Noticed a sky beast
  3059 | D:3      | Killed a sky beast
  3060 | D:3      | Reached skill level 5 in Dodging
  3407 | D:4      | Noticed Ijyb
  3415 | D:4      | Paralysed by Ijyb for 4 turns
  3425 | D:4      | Paralysed by Ijyb for 5 turns
  3623 | D:3      | Learned a level 4 spell: Olgreb's Toxic Radiance
  3627 | D:3      | Learned a level 3 spell: Mephitic Cloud
  3639 | D:4      | Killed Ijyb
  3644 | D:4      | Noticed a necrophage
  3682 | D:3      | Gained mutation: You possess an exceptional clarity of
                  | mind. [potion of mutation]
  3682 | D:3      | Gained mutation: You are partially covered in iridescent
                  | scales. (AC +2) [potion of mutation]
  3682 | D:3      | Gained mutation: You have large cloven feet. [potion of
                  | mutation]
  3684 | D:3      | Killed a necrophage
  3685 | D:3      | Reached XP level 7. HP: 19/47 MP: 15/15
  4713 | D:4      | Noticed Edmund
  4730 | D:4      | Killed Edmund
  4731 | D:4      | Reached skill level 5 in Stealth
  4957 | D:4      | Noticed Dowan
  4958 | D:4      | Noticed Duvessa
  4961 | D:4      | Killed Dowan
  4976 | D:4      | Killed Duvessa
  4977 | D:4      | Reached skill level 6 in Poison Magic
  4977 | D:4      | Reached XP level 8. HP: 17/57 MP: 10/16
  5544 | D:5      | Entered Level 5 of the Dungeon
  5635 | D:5      | Found a glowing drain.
  5640 | Sewer    | Entered a sewer
  5855 | D:5      | Noticed Pikel
  5869 | D:5      | Killed from afar by Pikel

Illustrated notes

Levels and vault maps discovered:
D:1:      dpeg_arrival_boxorama, layout_loops_cross
D:2:      layout_basic, small_statue_intersection
D:3:      layout_loops_ring, uniq_sigmund
D:4:      kennysheep_six_static_rooms, layout_gridville, uniq_duvessa,
          uniq_ijyb, uniq_edmund
D:5:      layout_loops_ring, portal_sewer_entry_e, serial_shops, shop_statue,
          uniq_pikel, uniq_eustachio

Skill      XL: |  1  2  3  4  5  6  7  8 |
---------------+-------------------------+-----
Transmutations | 2 3 |  3.3
Spellcasting   | 5 |  5.9
Invocations    | 1 2 3 |  3.3
Fighting       | 1 2 3 |  3.0
Short Blades   | 1 2 3 |  3.0
Long Blades    | 1 2 3 |  3.0
Axes           | 1 2 3 |  3.0
Maces & Flails | 1 2 3 |  3.0
Polearms       | 1 2 3 |  3.0
Staves         | 1 2 3 |  3.0
Slings         | 1 2 3 |  3.0
Bows           | 1 2 3 |  3.0
Crossbows      | 1 2 3 |  3.0
Throwing       | 1 2 3 |  3.0
Armour         | 1 2 3 |  3.0
Shields        | 1 2 3 |  3.0
Unarmed Combat | 1 2 3 |  3.0
Evocations     | 1 2 3 |  3.0
Conjurations   | 1 2 |  2.4
Hexes          | 1 2 |  2.4
Summonings     | 1 2 |  2.4
Necromancy     | 1 2 |  2.4
Translocations | 1 2 |  2.4
Fire Magic     | 1 2 |  2.4
Ice Magic      | 1 2 |  2.4
Air Magic      | 1 2 |  2.4
Earth Magic    | 1 2 |  2.4
Dodging        | 5 |  5.5
Stealth        | 5 |  5.2
Poison Magic   | 6 |  6.0

Action                   |  1- 3 |  4- 6 |  7- 9 || total
-------------------------+-------+-------+-------++-------
Melee: Unarmed           |     1 |       |       ||     1
       Dagger            |    24 |    39 |    97 ||   160
       Club              |     1 |       |       ||     1
       Bite              |     1 |     2 |     8 ||    11
       Punch             |       |     1 |     3 ||     4
 Cast: Sting             |    63 |    23 |    19 ||   105
       Olgreb's Toxic Ra |       |     1 |     6 ||     7
       Mephitic Cloud    |       |     1 |     1 ||     2
Evoke: Wand              |       |     1 |     1 ||     2
  Use: Potion            |       |     3 |       ||     3
       Scroll            |       |       |     3 ||     3
 Stab: Sleeping          |     6 |     4 |     8 ||    18
       Confused          |       |     2 |     4 ||     6
       Paralysed         |       |       |     2 ||     2
Armor: Robe              |     4 |    12 |    27 ||    43
Dodge: Dodged            |    28 |    41 |    49 ||   118
